 Dungeon Crawl Stone Soup version 0.32-a0-799-g95e1662365 (webtiles) character file.

Game seed: 2124981280637082215

11177 backslashecho the Destroyer (level 11, -2/91 HPs)
             Began as a Yellow Draconian Earth Elementalist on Mar 21, 2024.
             Was an Elder of Vehumet.
             Slain by a basilisk (6 damage)
             ... while petrified by a basilisk
             ... on level 11 of the Dungeon.
             The game lasted 00:35:10 (11638 turns).

backslashecho the Destroyer (DrEE)                 Turns: 11638, Time: 00:35:11

Health: -2/91      AC:  8    Str: 11    XL:     11   Next: 45%
Magic:  11/24      EV:  2    Int: 21    God:    Vehumet [****..]
Gold:   450        SH:  0    Dex: 18    Spells: 13/28 levels left

rFire   . . .        b - +6 falchion of Xom's Wrath {venom, Int+2}
rCold   . . .        (no shield)
rNeg    + + +        (body armour unavailable)
rPois   ∞            (helmet restricted)
rElec   .            v - +0 cloak
rCorr   +            (no gloves)
SInv    .            (no boots)
Will    .....        (no amulet)
Stlth   ++           j - +6 ring of dexterity
HPRegen 0.35/turn    (no ring)
MPRegen 0.19/turn

%: no passive effects
@: petrified
A: caustic breath, AC +7, unfitting armour, cold-blooded, acid resistance
a: Caustic Breath, Renounce Religion


You were on level 11 of the Dungeon.
You worshipped Vehumet.
Vehumet was greatly pleased with you.
You visited 2 branches of the dungeon, and saw 12 of its levels.

You collected 510 gold pieces.
You spent 60 gold pieces at shops.

Inventory:

Hand Weapons
 a - the +10 short sword "Orb Guardian's Regret" {pain, Dex+2}
   (You found it on level 3 of the Dungeon)

   Dex+2:     It affects your dexterity (+2).
 b - the +6 falchion of Xom's Wrath (weapon) {venom, Int+2}
   (You found it on level 2 of the Dungeon)

   Int+2:     It affects your intelligence (+2).
Missiles
 h - 28 poisoned darts
 z - a curare-tipped dart
Armour
 v - a +0 cloak (worn)
Magical Staves
 t - a staff of air
Jewellery
 j - a +6 ring of dexterity (left hand)
Wands
 l - a wand of flame (9)
 x - a wand of paralysis (20)
 A - a wand of mindburst (18)
 D - a wand of polymorph (5)
Scrolls
 c - 3 scrolls of fog
 d - 5 scrolls of noise
 i - 7 scrolls of teleportation
 n - 4 scrolls of vulnerability
 o - 2 scrolls of silence
 p - 2 scrolls of enchant armour {unknown}
 u - 2 scrolls of revelation {unknown}
 y - 4 scrolls of fear
 C - 3 scrolls of immolation {unknown}
 E - a scroll of torment {unknown}
 F - a scroll of enchant weapon {unknown}
 G - a scroll of brand weapon {unknown}
Potions
 e - a potion of lignification
 f - 3 potions of heal wounds
 g - 2 potions of brilliance
 k - 3 potions of curing
 m - a potion of cancellation
 q - a potion of magic
 r - 3 potions of attraction
 s - a potion of berserk rage
 w - 2 potions of haste
 B - a potion of might


   Skills:
 + Level 6.7 Fighting
 + Level 4.1 Dodging
 - Level 1.7 Stealth
 + Level 9.1 Spellcasting
 - Level 10.0 Conjurations
 - Level 5.0 Fire Magic
 - Level 4.0 Air Magic
 - Level 6.0 Earth Magic
 - Level 4.0 Alchemy


You had 13 spell levels left.
You knew the following spells:

 Your Spells              Type           Power      Damage    Failure   Level
a - Sandblast             Erth           68%        2d15      1%          1
b - Passwall              Erth           34%        N/A       1%          3
c - Stone Arrow           Conj/Erth      86%        3d12      1%          3
d - Flame Wave            Conj/Fire      41%        2d11      1%          4
e - Mephitic Cloud        Conj/Alch/Air  34%        N/A       1%          3
q - Shock                 Conj/Air       100%       1d9       1%          1

Your spell library contained the following spells:

 Spells                   Type           Power      Damage    Failure   Level
 Sticky Flame             Fire/Alch      28%        2d7       3%          4
 Kiss of Death            Conj/Necr      100%       2d13      1%          1
 Magic Dart               Conj           100%       1d8       1%          1
 Searing Ray              Conj           100%       2d8       1%          2
 Brom's Barrelling Bould  Conj/Erth      43%        2d6       1%          4
 Fulminant Prism          Conj/Alch      19%        3d11      1%          4
 Petrify                  Alch/Erth      30%        N/A       9%          4
 Confusing Touch          Hex            9%         N/A       22%         3
 Fugue of the Fallen      Necr           9%         N/A       22%         3
 Ozocubu's Armour         Ice            9%         N/A       22%         3
 Sigil of Binding         Hex            9%         N/A       22%         3
 Dispel Undead            Necr           9%         3d8       56%         4
 Manifold Assault         Tloc           9%         N/A       56%         4
 Sculpt Simulacrum        Ice/Alch       9%         N/A       99%         6
 Death Channel            Necr           4%         N/A       100%        6
 Fire Storm               Conj/Fire      20%        8d5       100%        9


Dungeon Overview and Level Annotations

Branches:
Dungeon (11/15)            Temple (1/1) D:7
   Lair: D:8-11         Orc: D:9-12

Altars:
Ashenzari
Cheibriados
Dithmenos
Elyvilon
Fedhas
Gozag
Hepliaklqana
Kikubaaqudgha
Makhleb
Nemelex Xobeh
Okawaru
Qazlal
Ru
Sif Muna
Trog
Uskayaw
Vehumet
Wu Jian
Xom
Yredelemnul
Zin
The Shining One

Shops:
D:1 (   D:8 *   D:10 *

Annotations:
D:6 Menkaure


Innate Abilities, Weirdness & Mutations

You can breathe corrosive fumes.
Your golden yellow scales are hard. (AC +7)
You cannot fit into any form of body armour.
You are cold-blooded and may be slowed by cold attacks.
You are resistant to acid. (rCorr)


Message History

The acid spray misses the basilisk.
Something hits you but does no damage.
Your Dodging skill increases to level 4!
You regained 3 mp, and now have 15/24 mp.
Casting: Stone Arrow (safe; 1% risk of failure)
Confirm with . or Enter, or press ? or * to list all spells.
Casting: Flame Wave (mildly dangerous; 1% risk of failure)
Press: ? - help, Dir - look around, f - activate
Okay, then.
Casting: Flame Wave (mildly dangerous; 1% risk of failure)
Confirm with . or Enter, or press ? or * to list all spells.
Aiming: Mephitic Cloud (safe; 1% risk of failure)
Press: ? - help, Shift-Dir - straight line The ball explodes into a vile cloud!
The stinking cloud engulfs the manticore.
The stinking cloud engulfs the acid dragon.
The stinking cloud engulfs something.
The manticore flicks its tail.
The volley of spikes skewers something!
Reactivating autopickup.
You now have 12/24 mp.
Casting: Mephitic Cloud (safe; 1% risk of failure)
Confirm with . or Enter, or press ? or * to list all spells.
Aiming: Mephitic Cloud (safe; 1% risk of failure)
Press: ? - help, Shift-Dir - straight line, f - manticore
Aim: a manticore (chance to affect: 58%)
The ball explodes into a vile cloud!
The stinking cloud engulfs the manticore.
The wyvern bites you.
The manticore is engulfed in noxious fumes.
The basilisk gazes at you.
You are slowing down.
The wyvern bites you but does no damage.
You take 4 damage, and have 81/91 hp.
You now have 9/24 mp.
Unknown command.
The wyvern bites you but does no damage.
The basilisk gazes at you. You resist with some effort.
The manticore is engulfed in noxious fumes.
The manticore appears confused.
The wyvern bites you. The acid dragon spits acid at you.
The splash of acid hits you! You resist.
The manticore is engulfed in noxious fumes.
The manticore appears confused.
The basilisk gazes at you.
Your limbs have turned to stone.
You have turned to stone.
You stop ascending the stairs.
The wyvern bites you! The acid dragon bites you!
The acid dragon claws you but does no damage.
The manticore is engulfed in noxious fumes.
The manticore appears confused.
The wyvern bites you but does no damage. x2
The acid dragon bites you but does no damage.
The acid dragon claws you but does no damage.
The manticore is engulfed in noxious fumes.
The manticore appears confused.
The wyvern bites you! The acid dragon barely misses you.
The acid dragon claws you but does no damage.
The manticore is engulfed in noxious fumes.
The manticore appears confused.
The basilisk gazes at you. You resist with some effort.
The wyvern bites you but does no damage.
The wyvern bites you. The acid dragon bites you!
The acid dragon claws you but does no damage.
The basilisk bites you but does no damage.
The basilisk gazes at you. The wyvern bites you! The acid dragon bites you.
The acid dragon barely misses you. The basilisk gazes at you.
The basilisk bites you but does no damage.
The wyvern bites you!
The wyvern bites you but does no damage.
The acid dragon spits acid at you. The splash of acid hits you! You resist.
The manticore is engulfed in acidic fog.
The acid corrodes the manticore!
The manticore bites you! The manticore claws you.
The manticore claws you but does no damage.
The basilisk bites you but does no damage.
The basilisk gazes at you. You resist with some effort. The wyvern bites you!
The acid dragon barely misses you. The acid dragon claws you.
The manticore bites you!
* * * LOW HITPOINT WARNING * * *
The manticore claws you.
* * * LOW HITPOINT WARNING * * *
The manticore claws you!
* * * LOW HITPOINT WARNING * * *
The basilisk bites you.
* * * LOW HITPOINT WARNING * * *
The basilisk bites you.
* * * LOW HITPOINT WARNING * * *
The wyvern bites you!
* * * LOW HITPOINT WARNING * * *
The wyvern bites you!
* * * LOW HITPOINT WARNING * * *
The acid dragon bites you but does no damage.
The acid dragon claws you but does no damage.
The basilisk bites you!
You die...

#########
#....l..####
#.°..D@....#
.○.§..)kl##..#
.#○...H..#
#......)#
#.......#
#.....####
../... P.....


You could see a manticore (confused, corroded), 2 basilisks, a wyvern and an
acid dragon (catching breath).

Vanquished Creatures
  A two-headed ogre (D:11)
  A cyclops (D:10)
  Joseph (D:10)
  Maggie (D:6)
  A kobold demonologist (D:9)
  A troll (D:10)
  A hornet (D:10)
  A wraith (D:9)
  2 wyverns
  31 yaks
  5 steam dragons
  2 water moccasins
  3 orc warriors
  3 black bears
  An ice beast (D:6)
  4 centaurs
  2 phantoms
  2 kobold brigands
  5 bullfrogs
  Blork the orc (D:6)
  2 scorpions
  11 wights
  2 howler monkeys
  3 bombardier beetles
  2 hounds (D:6)
  3 jellies
  3 orc priests
  2 gnoll boudas
  2 sleepcaps (D:6)
  An iguana (D:5)
  8 orc wizards
  A hound zombie (D:3)
  8 gnolls
  6 adders
  A shadow imp (D:6)
  2 white imps
  An adder zombie (D:3)
  A ribbon worm (D:2)
  3 dart slugs
  29 orcs
  2 endoplasms
  A giant cockroach (D:2)
  6 goblins
  7 hobgoblins
  24 kobolds
  2 quokkas
  8 ball pythons
  7 bats
  3 frilled lizards
  4 rats
224 creatures vanquished.

Vanquished Creatures (others)
  An unseen horror (D:11)
1 creature vanquished.

Grand Total: 225 creatures vanquished

Notes
Turn   | Place    | Note
-------+----------+-------------------------------------------
     0 | D:1      | backslashecho the Draconian Earth Elementalist began the
                  | quest for the Orb.
     0 | D:1      | Reached XP level 1. HP: 14/14 MP: 3/3
   327 | D:1      | Found Voinnuycs's Weapon Shop.
   538 | D:1      | Reached XP level 2. HP: 20/20 MP: 3/5
  1291 | D:2      | Found a glowing golden altar of the Shining One.
  1298 | D:2      | Got Zedeal's Atlas of the Bright Lungs
  1463 | D:2      | Reached XP level 3. HP: 26/26 MP: 5/7
  1939 | D:2      | Identified the +6 falchion of Xom's Wrath {venom, Int+2}
  1986 | D:2      | Reached skill level 2 in Conjurations
  1986 | D:2      | Reached XP level 4. HP: 28/33 MP: 3/8
  2256 | D:3      | Identified the +10 short sword "Orb Guardian's Regret"
                  | {pain, Dex+2}
  2520 | D:3      | Found a shimmering blue altar of Sif Muna.
  2918 | D:3      | Found a basalt altar of Yredelemnul.
  2997 | D:4      | Found a radiant altar of Vehumet.
  3007 | D:4      | Became a worshipper of Vehumet
  3012 | D:4      | Noticed a black bear
  3025 | D:4      | Noticed a black bear
  3092 | D:4      | Reached XP level 5. HP: 38/38 MP: 7/10
  3459 | D:4      | Learned a level 3 spell: Stone Arrow
  3463 | D:4      | Learned a level 3 spell: Passwall
  3467 | D:4      | Learned a level 3 spell: Mephitic Cloud
  3503 | D:4      | Killed a black bear
  3504 | D:4      | Reached skill level 3 in Conjurations
  3560 | D:4      | Killed a black bear
  3561 | D:4      | Reached XP level 6. HP: 45/45 MP: 7/12
  3600 | D:4      | Noticed a water moccasin
  3754 | D:5      | Entered Level 5 of the Dungeon
  3792 | D:4      | Killed a water moccasin
  3793 | D:4      | Reached skill level 4 in Conjurations
  3936 | D:5      | Your scales start taking on a golden yellow colour.
  3936 | D:5      | Reached XP level 7. HP: 11/50 MP: 6/13
  3936 | D:5      | Gained mutation: You are resistant to acid. (rCorr) [Yellow
                  | Draconian growth]
  4175 | D:5      | Reached skill level 5 in Earth Magic
  4234 | D:5      | Reached skill level 5 in Conjurations
  4621 | D:6      | Reached skill level 5 in Spellcasting
  4798 | D:6      | Reached skill level 6 in Conjurations
  4798 | D:6      | Reached skill level 1 in Alchemy
  4798 | D:6      | Reached XP level 8. HP: 57/57 MP: 7/15
  4928 | D:6      | Reached * piety under Vehumet
  4928 | D:6      | Offered knowledge of Shock by Vehumet.
  4954 | D:6      | Learned a level 1 spell: Shock
  5199 | D:6      | Found a shadowy altar of Dithmenos.
  5212 | D:6      | Noticed Maggie
  5251 | D:6      | Noticed Menkaure
  5789 | D:6      | Found a bloodstained altar of Trog.
  5835 | D:6      | Reached skill level 7 in Conjurations
  5907 | D:6      | Found a stormy altar of Qazlal.
  6168 | D:6      | Killed Maggie
  6169 | D:6      | Reached skill level 8 in Conjurations
  6169 | D:6      | Reached XP level 9. HP: 46/62 MP: 11/16
  6423 | D:6      | Noticed Blork the orc
  6435 | D:6      | Killed Blork the orc
  6880 | D:7      | Reached skill level 9 in Conjurations
  6886 | D:7      | Reached skill level 1 in Air Magic
  7037 | D:7      | Found a sacrificial altar of Ru.
  7102 | D:7      | Reached skill level 10 in Conjurations
  7116 | D:7      | Learned a level 4 spell: Flame Wave
  7271 | D:7      | Reached ** piety under Vehumet
  7271 | D:7      | Offered knowledge of Freeze by Vehumet.
  7398 | D:7      | Found a broken altar of Ashenzari.
  7410 | D:7      | Found an ancient bone altar of Kikubaaqudgha.
  7432 | D:7      | Reached skill level 1 in Fire Magic
  7509 | D:7      | Found a shimmering altar of Xom.
  7510 | D:7      | Found a hazy altar of Hepliaklqana.
  7511 | D:7      | Noticed a spectral ugly thing
  7600 | D:7      | Found an iron altar of Okawaru.
  7661 | D:7      | Found a staircase to the Ecumenical Temple.
  7676 | D:7      | Found a glowing silver altar of Zin.
  7688 | D:7      | Found a glowing golden altar of the Shining One.
  7971 | Temple   | Entered the Ecumenical Temple
  8077 | D:7      | Reached XP level 10. HP: 66/69 MP: 6/19
  8457 | D:8      | Offered knowledge of Momentum Strike by Vehumet.
  8486 | D:8      | Reached skill level 5 in Fire Magic
  8522 | D:8      | Identified the +1 bardiche "Saigos" {drain, *Noise Str+2
                  | Dex+3 Stlth+}
  8536 | D:8      | Reached skill level 1 in Fighting
  9105 | D:8      | Found Ziditaqa's General Store.
  9117 | D:8      | Reached *** piety under Vehumet
  9179 | D:8      | Bought a scroll of fear for 40 gold pieces
  9179 | D:8      | Bought a scroll of identify for 20 gold pieces
  9649 | D:9      | Offered knowledge of Dazzling Flash by Vehumet.
  9859 | D:9      | Noticed a smoke demon
  9862 | D:9      | Reached skill level 5 in Fighting
  9968 | D:9      | Reached XP level 11. HP: 86/86 MP: 8/23
 10327 | D:10     | Entered Level 10 of the Dungeon
 10357 | D:10     | Found Imir's Assorted Antiques.
 10743 | D:10     | Reached **** piety under Vehumet
 10891 | D:10     | Offered knowledge of Sticky Flame by Vehumet.
 11303 | D:10     | Reached skill level 9 in Spellcasting
 11334 | D:10     | Found a hide-covered altar of Uskayaw.
 11441 | D:10     | Noticed Joseph
 11457 | D:10     | Killed Joseph
 11622 | D:11     | Noticed a two-headed ogre
 11627 | D:11     | Killed a two-headed ogre
 11638 | D:11     | HP: 4/91 [wyvern (6)]
 11638 | D:11     | Slain by a basilisk

Illustrated notes

Levels and vault maps discovered:
D:1:      mushboom_english_gardens, layout_loops_corners, serial_forest,
          infiniplex_forest_lined_2, infiniplex_forest_end_1,
          infiniplex_forest_clump_double, infiniplex_forest_zigzag_1,
          infiniplex_forest_end_1, infiniplex_forest_clump_double,
          infiniplex_forest_lined_room_, infiniplex_forest_lined_2,
          serial_shops, nicolae_shop_stone, serial_bayou_lake_a
D:2:      layout_basic, basic_altar, minmay_misc_feat_tiny,
          hangedman_decor_growths, minmay_misc_feat_enclosed
D:3:      layout_basic, overflow_temple_1_default,
          lemuel_zombie_altar_yredelemnul
D:4:      layout_basic, fiery_altar_vehumet
D:5:      layout_cave_pools, hangedman_decor_lopped, amcnicky_mini_pool_small
D:6:      minmay_recursive_quarters, layout_cave_pods,
          mainiacjoe_overflow_alcove_1, mainiacjoe_overflow_six_doors_small,
          mainiacjoe_overflow_tiny_flanked, uniq_menkaure, uniq_maggie,
          uniq_blork_the_orc
D:7:      layout_gridville, regret_index_temple_of_mockery,
          nicolae_ru_sacrificial_ziggurat, okawaru_altar_gauntlet_db, tso_altar,
          zin_academy, mainiacjoe_overflow_large_starburst,
          minmay_temple_entry_crystal_x, minmay_crystal_room
D:8:      layout_loops_cross, serial_shops, shop, minmay_diced_spiral
D:9:      layout_cave_pools, st_stairs_14
D:10:     layout_roguey, kennysheep_mini_moat, serial_shops,
          nicolae_shop_temple_entry_statues_fountains, uniq_joseph
D:11:     layout_roguey, david_lair_generic, hiddenorc1_lemuel, serial_shops,
          shop
Temple:   hellmonk_temple_of_storms

Skill      XL: |  1  2  3  4  5  6  7  8  9 10 11 |
---------------+----------------------------------+-----
Dodging        | 2 4 |  4.1
Spellcasting   | 3 4 5 6 8 9 |  9.1
Conjurations   | 2 3 4 6 8 10 | 10.0
Earth Magic    | 4 5 6 |  6.0
Alchemy        | 1 3 4 |  4.0
Air Magic      | 3 4 |  4.0
Fire Magic     | 2 5 |  5.0
Fighting       | 5 6 |  6.7
Stealth        | |  1.7

Action                     |  1- 3 |  4- 6 |  7- 9 | 10-12 || total
---------------------------+-------+-------+-------+-------++-------
  Melee: Tailslap          |     3 |       |     4 |     1 ||     8
         Unarmed           |     1 |       |       |       ||     1
         Dagger            |     7 |       |       |       ||     7
         Falchion          |       |     5 |    26 |     9 ||    40
  Throw: Dart              |       |     7 |       |       ||     7
   Cast: Sandblast         |    61 |    35 |    58 |    21 ||   175
         Stone Arrow       |       |     7 |    49 |    71 ||   127
         Shock             |       |       |    27 |     8 ||    35
         Mephitic Cloud    |       |       |     2 |    15 ||    17
         Flame Wave        |       |       |     1 |    14 ||    15
Ability: Caustic Breath    |       |       |     3 |     3 ||     6
  Evoke: Wand              |       |       |       |     1 ||     1
    Use: Scroll            |       |       |     8 |     6 ||    14
         Potion            |       |       |     1 |     2 ||     3
   Stab: Confused          |       |       |     1 |     1 ||     2
 Armour: Skin              |    19 |    24 |    60 |   101 ||   204
  Dodge: Dodged            |    21 |    19 |    51 |    40 ||   131

Table legend: (Time is in decaauts)
 A = Elapsed time spent in this place.
 B = Non-inter-level travel time spent in this place.
 C = Inter-level travel time spent in this place.
 D = Time resting spent in this place.
 E = Time spent auto-exploring this place.
 F = Levels seen in this place.
 G = Mean time per level.
                   A        B        C        D        E       F      G
               +--------+--------+--------+--------+--------+-----+--------+
         Total |  11778 |  10774 |   1004 |   1801 |   7124 |  12 |  981.5 |
       Dungeon |  11776 |  10773 |   1003 |   1801 |   7124 |  11 | 1070.5 |
        Temple |      1 |      1 |      0 |      0 |      0 |   1 |    1.0 |
               +--------+--------+--------+--------+--------+-----+--------+

Top non-repeatable levels by time:
     D:6: 2208 daAuts
     D:8: 1398 daAuts
     D:7: 1353 daAuts
     D:1: 1319 daAuts
    D:10: 1238 daAuts
     D:3: 974 daAuts
     D:5: 917 daAuts
     D:2: 837 daAuts
     D:4: 776 daAuts
     D:9: 734 daAuts
    D:11: 18 daAuts
  Temple: 1 daAuts
